AoeStats
← El Fantasma de Pancho Villa

Lombardia

509599197Analyzed
4v4 RM · 4d ago on Sep 27, 2026· 55m 40s· 8 players
Game mode
Random Map
Map size
Large (8 player)
Population
200
Speed
Normal
Resources
Standard
Victory
Conquest
Starting age
Dark Age
Ending age
Imperial Age
RankedLock teamsTeams togetherTeam positionsShared explorationLock speedFull tech treeHidden civsTurbo modeCheats
Victory
Defeat
🇹🇼 Spanish · Taiwan
1105
+16
🇮🇳 Japanese · India
1096
+17
🇨🇳 Persians · China
1077
+17
🇦🇷 Maya · Argentina
1075
+17
🇺🇸 Teutons · United States
1124
-17
1108
-17
🇦🇺 Varangians · Australia
1101
-17
🇫🇷 Burgundians · France
1097
-16
Ezio
11:32 Feudal Age
11:55 Horse Collar
12:01 Double-Bit Axe
18:36 Castle Age
19:21 Fletching
21:32 Loom
23:36 Bodkin Arrow
24:05 Padded Archer Armor
24:00 Gold Mining
25:00 Wheelbarrow
26:36 Heavy Plow
28:05 Bloodlines
29:58 Ballistics
30:30 Thumb Ring
31:39 Leather Archer Armor
35:48 Imperial Age
34:43 Husbandry
36:32 Bracer
37:36 Chemistry
36:53 Heavy Cavalry Archer
38:17 Conscription
38:49 Kataparuto
38:50 Caravan
40:09 Parthian Tactics
41:13 Gold Shaft Mining
41:56 Siege Engineers
42:03 Masonry
41:59 Yasama
41:53 Guard Tower
41:49 Arrowslits
42:00 Stone Mining
43:46 Hand Cart
46:52 Keep
49:00 Ring Archer Armor
54:45 Murder Holes
只會5TC
11:45 Feudal Age
11:48 Loom
16:21 Castle Age
14:14 Stone Mining
14:39 Double-Bit Axe
15:26 Loom
17:19 Bow Saw
23:26 Padded Archer Armor
28:18 Wheelbarrow
31:57 Imperial Age
30:36 Hand Cart
33:01 Gold Mining
36:19 Elite Conquistador
38:13 Two-Man Saw
36:56 Horse Collar
37:42 Heavy Plow
37:48 Elite Conquistador
42:06 Stone Shaft Mining
43:42 Town Watch
45:00 Conscription
46:10 Bloodlines
46:01 Husbandry
49:39 Light Cavalry
50:27 Scale Barding Armor
50:32 Forging
50:38 Hussar
51:46 Chain Barding Armor
51:44 Leather Archer Armor
52:41 Iron Casting
54:14 Cavalier
56:17 Plate Barding Armor
56:42 Blast Furnace
津门酒仙1049
11:30 Feudal Age
15:23 Castle Age
13:26 Double-Bit Axe
13:54 Horse Collar
15:36 Wheelbarrow
16:46 Bow Saw
17:21 Heavy Plow
31:25 Imperial Age
29:43 Hand Cart
30:15 Gold Mining
31:11 Fortified Wall
31:15 Forging
31:05 Scale Mail Armor
32:09 Squires
31:55 Arson
31:30 Eagle Warrior
32:47 Iron Casting
32:33 Town Watch
32:34 Loom
32:54 Caravan
33:07 Guilds
34:13 Conscription
34:14 Town Patrol
34:35 Stone Mining
35:45 Two-Man Saw
35:16 Crop Rotation
36:06 Elite Eagle Warrior
37:48 Blast Furnace
37:03 Chain Mail Armor
37:53 Stone Shaft Mining
37:58 Holcans
38:56 Coinage
38:06 Pikeman
40:51 Plate Mail Armor
43:10 Banking
42:06 Halberdier
42:07 Man-at-Arms
42:38 Elite Plumed Archer
43:54 Hoardings
46:10 Hul'che Javelineers
46:18 Thumb Ring
46:06 Fletching
46:17 Padded Archer Armor
46:38 Ballistics
47:19 Chemistry
46:15 Murder Holes
46:30 Masonry
50:54 Bodkin Arrow
51:14 Leather Archer Armor
51:32 Architecture
50:43 Treadmill Crane
51:48 Bracer
52:02 Crossbowman
53:16 Guard Tower
52:59 Sappers
53:11 Arbalester
56:42 Ring Archer Armor
王哪跑
10:09 Feudal Age
15:49 Castle Age
13:41 Double-Bit Axe
16:46 Bow Saw
16:22 Horse Collar
27:02 Wheelbarrow
26:30 Heavy Plow
27:28 Gold Mining
27:51 Stone Mining
31:07 Imperial Age
29:36 Hand Cart
29:38 Forging
29:34 Scale Barding Armor
31:26 Iron Casting
31:04 Husbandry
31:15 Bloodlines
31:47 Gold Shaft Mining
31:51 Stone Shaft Mining
31:58 Stone Shaft Mining
31:04 Cavalier
32:26 Citadels
32:48 Savar
34:03 Conscription
35:01 Blast Furnace
34:39 Crop Rotation
35:11 Two-Man Saw
34:38 Caravan
34:53 Guilds
35:46 Chain Barding Armor
38:13 Plate Barding Armor
54:04 Chemistry
How do you turn this on
5:06 Loom
10:47 Feudal Age
11:18 Town Watch
16:36 Castle Age
15:00 Horse Collar
15:39 Double-Bit Axe
16:29 Gold Mining
19:37 Wheelbarrow
22:58 Heavy Plow
23:30 Bow Saw
26:30 Stone Mining
30:41 Imperial Age
28:26 Husbandry
28:34 Scale Barding Armor
29:43 Chain Barding Armor
29:56 Bloodlines
30:24 Hand Cart
30:37 Cavalier
33:33 Conscription
34:49 Plate Barding Armor
34:27 Forging
35:32 Savar
36:34 Caravan
37:53 Chemistry
36:49 Murder Holes
36:32 Light Cavalry
38:16 Thumb Ring
37:31 Crossbowman
38:16 Kamandaran
39:11 Iron Casting
41:55 Blast Furnace
40:57 Scale Mail Armor
42:06 Crop Rotation
41:40 Pikeman
42:21 Squires
42:06 Arson
42:10 Elite War Elephant
43:37 Gold Shaft Mining
44:29 Ballistics
43:32 Halberdier
uselessplayer
12:47 Feudal Age
13:58 Double-Bit Axe
13:54 Horse Collar
14:45 Loom
17:07 Castle Age
19:16 Town Watch
20:06 Wheelbarrow
24:10 Fletching
24:21 Padded Archer Armor
23:58 Elite Skirmisher
30:03 Leather Archer Armor
29:47 Bodkin Arrow
31:21 Leather Archer Armor
35:27 Imperial Age
35:29 Hand Cart
35:24 Burgundian Vineyards
36:04 Bow Saw
35:55 Heavy Plow
36:15 Bracer
37:44 Squires
37:46 Scale Mail Armor
37:56 Forging
40:22 Conscription
40:21 Chain Mail Armor
40:42 Iron Casting
40:59 Ballistics
44:30 Two-Man Saw
44:41 Plate Mail Armor
45:11 Blast Furnace
45:17 Blast Furnace
44:04 Arson
El Fantasma de Pancho Villa
1:54 Loom
16:11 Feudal Age
19:49 Castle Age
17:59 Double-Bit Axe
17:57 Horse Collar
18:27 Gold Mining
18:29 Stone Mining
19:40 Wheelbarrow
22:26 Bow Saw
29:53 Fletching
30:24 Hand Cart
31:02 Stone Shaft Mining
38:57 Imperial Age
37:34 Bodkin Arrow
38:05 Scale Mail Armor
38:16 Forging
39:16 Pikeman
40:27 Chain Mail Armor
42:15 Halberdier
43:44 Plate Mail Armor
45:20 Iron Casting
49:50 Blast Furnace
50:06 Hoardings
Mick The Brick
11:19 Feudal Age
13:20 Double-Bit Axe
13:19 Horse Collar
17:16 Wheelbarrow
20:16 Castle Age
21:28 Bow Saw
22:07 Gold Mining
22:23 Heavy Plow
22:30 Husbandry
22:20 Loom
23:51 Stone Mining
24:22 Bloodlines
25:39 Scale Barding Armor
27:13 Forging
28:27 Hand Cart
28:50 Iron Casting
29:57 Fortified Wall
30:58 Chain Barding Armor
34:21 Imperial Age
33:45 Chain Barding Armor
33:17 Fletching
34:45 Elite Jarl
35:50 Conscription
35:47 Scale Mail Armor
36:29 Town Watch
38:40 Plate Barding Armor
39:06 Blast Furnace
38:02 Light Cavalry
38:37 Hussar
43:03 Pikeman
43:44 Squires
43:29 Arson
43:05 Elite Varangian Guard
44:20 Bodkin Arrow
44:41 Chain Mail Armor
Connection lost

Rejoining the realm…

Still unreachable

The connection could not be restored.

Session expired

The server has moved on; the page needs a fresh start.